 Dungeon Crawl Stone Soup version 0.24.0-1-gfbc8707122 (webtiles) character file.

Game seed: 16796407125677484163, levelgen mode: deterministic

4 Monsterracer the Shooter (level 1, -4/12 HPs)
             Began as a Tengu Arcane Marksman on Oct 26, 2019.
             Slain by an orc
             ... wielding a +0 war axe
              (7 damage)
             ... on level 3 of the Dungeon.
             The game lasted 00:01:08 (474 turns).

Monsterracer the Shooter (Tengu Arcane Marksman)     Turns: 474, Time: 00:01:08

Health: -4/12      AC:  3    Str: 10    XL:     1   Next: 60%
Magic:  3/3        EV: 12    Int: 13    God:
Gold:   20         SH:  0    Dex: 14    Spells: 1/2 levels left

rFire    . . .     SeeInvis .   b - -2 spear
rCold    . . .     Gourm    .   (no shield)
rNeg     . . .     Faith    .   f - +0 leather armour
rPois    .         Spirit   .   (helmet restricted)
rElec    .         Reflect  .   (no cloak)
rCorr    .         Harm     .   (no gloves)
MR       .....                  (boots unavailable)
Stlth    +.........             (no amulet)
HPRegen  0.04/turn              (no ring)
MPRegen  0.08/turn              (no ring)

@: no status effects
A: beak, talons 3
a: no special abilities


You were on level 3 of the Dungeon.
You were not hungry.

You visited 1 branch of the dungeon, and saw 3 of its levels.

You collected 20 gold pieces.

Inventory:

Hand Weapons
 a - a +0 shortbow
 b - a -2 spear (weapon)
   (You found it on level 1 of the Dungeon)
Missiles
 d - 34 arrows
Armour
 f - a +0 leather armour (worn)
   (You took it off a goblin on level 1 of the Dungeon)
Potions
 h - a potion of haste
Comestibles
 c - 3 rations


   Skills:
 + Level 1.2 Fighting
 * Level 2.5 Bows
 - Level 2.1 Dodging
 - Level 1.0 Spellcasting
 - Level 2.1 Hexes


You had one spell level left.
You knew the following spells:

 Your Spells              Type           Power        Failure   Level  Hunger
j - Corona                Hex            #......      16%         1    ##.....

Your spell library contained the following spells:

 Spells                   Type           Power        Failure   Level  Hunger
 Slow                     Hex            #.......     24%         2    ###....
 Inner Flame              Hex/Fire       #.......     58%         3    ####...
 Portal Projectile        Hex/Tloc       #.....       58%         3    ####...
 Cause Fear               Hex            #.........   83%         4    #####..
 Leda's Liquefaction      Hex/Erth       #.........   94%         4    #####..


Dungeon Overview and Level Annotations

Branches:
Dungeon (3/15)

Altars:


Innate Abilities, Weirdness & Mutations

You have a beak for a mouth.
You have claws for feet.


Message History

No target in view!
No target in view!
Found a bubbling coppery potion.
The goblin hits you with a +0 dagger.
You barely miss the goblin. You claw the goblin.
You kill the goblin!
Things that are here:
a +0 dagger; a +0 leather armour You start resting.
HP restored.
You start waiting.
Done waiting.
f - a +0 leather armour You start removing your armour.
You continue taking off your +0 robe. x4
You finish taking off your +0 robe.
You start putting on your armour.
You continue putting on your +0 leather armour. x5
You finish putting on your +0 leather armour.
Drop what? 6/52 slots (_ for help) (? for menu, Esc to quit)
You drop a +0 robe.
Found a stone staircase leading down.
e - a bubbling coppery potion A bat comes into view.
The bat hits you.
The bat moves out of view.
The bat completely misses you. The bat hits you but does no damage.
The bat hits you. The bat closely misses you.
Attack whom?
Press: ? - help, Dir - move target cursor, f - bat
Aim: a bat You reach to attack!
You hit the bat.
The bat is severely wounded.
The bat hits you but does no damage.
Attack whom?
Press: ? - help, Dir - move target cursor, f/p - bat
Aim: a bat (severely wounded)
You reach to attack!
You hit the bat.
You kill the bat!
No target in view!
No target in view!
You start resting.
HP restored.
There is a stone staircase leading down here.
You climb downwards.
Found a ration.
There is a stone staircase leading up here.
You can't go down here!
c - 3 rations (gained 1)
You open the door.
Found an escape hatch in the floor.
Found a chain mail.
There is an open door here.
Found a scroll labeled ARGHYK AZXOMA.
There is an escape hatch in the floor here.
g - a scroll labeled ARGHYK AZXOMA
As you read the scroll labeled ARGHYK AZXOMA, it crumbles to dust.
It is a scroll of identify.
e - a potion of haste;
h - a potion of haste
Found a flail. 2 gnolls come into view.
A gnoll is wielding a +0 flail of crushing.
The gnoll shouts!
A gnoll comes into view.
The gnoll moves out of view.
There is an escape hatch in the floor here.
Really go through this one-way escape hatch?
You slide downwards.
The hatch slams shut behind you. 2 orcs and an orc wizard come into view.
The orc shouts!
You hear a shout!
Found a trident.
An orc priest comes into view.
You open the door. 2 orcs come into view.
The orc shouts!
You hear a shout!
An orc comes into view. It is wielding a +0 dagger.
The orc moves out of view.
The orc shouts!
Found a scroll labeled OMAPEG DI QEA.
Found a stone staircase leading down.
An orc comes into view. It is wielding a +0 short sword.
The orc shouts!
Found 8 poisoned darts and 16 bolts.
There is an open door here.
The orc hits you with a +0 war axe!
Ouch! That really hurt!
* * * LOW HITPOINT WARNING * * *
You see here a scroll labeled OMAPEG DI QEA.
As you read the scroll labeled OMAPEG DI QEA, it crumbles to dust.
You feel as if something is helping you.
It was a scroll of remove curse.
You aren't carrying any scrolls.
Okay, then.
You open the door.
An adder and a hippogriff come into view.
The adder hisses angrily.
The orc barely misses you.
You barely miss the adder. You claw the adder.
The adder is heavily wounded.
The adder barely misses you. The orc hits you with a +0 war axe!
Ouch! That really hurt!
You die...

........>o..o.o.....o.
..(.....o######.#.o.).
########.# .# ###
####o# .. #....# #..
#.#### ..# #.##### #.#


#oooo.# .. #.###@# #.# #S# ### .H. +...# #.... ####.. .. ##. You could see a
hippogriff, an adder and 4 orcs.

Vanquished Creatures
  A bat (D:1)
  2 goblins (D:1)
  A kobold (D:1)
  A rat (D:1)
5 creatures vanquished.

Notes
Turn   | Place    | Note
-------+----------+-------------------------------------------
     0 | D:1      | Monsterracer the Tengu Arcane Marksman began the quest for
                  | the Orb.
     0 | D:1      | Reached XP level 1. HP: 12/12 MP: 3/3
   452 | D:3      | Noticed an orc wizard
   455 | D:3      | Noticed an orc priest
   460 | D:3      | HP: 3/12 [orc/+0 war axe (9)]
   473 | D:3      | Noticed a hippogriff
   474 | D:3      | Slain by an orc

Levels and vault maps discovered:
D:1:      tarquinn_simple_flora_water_f, layout_rooms
D:2:      layout_loops_corners
D:3:      layout_basic, first_ration, uniq_sigmund

Action                   || total
-------------------------++-------
Melee: Spear             ||     9
       Kick              ||     2
 Fire: Shortbow          ||     4
  Use: Scroll            ||     2
Armor: Leather armour    ||     2
Dodge: Dodged            ||     5
